 Dungeon Crawl Stone Soup version 0.24-a0-368-g0e0cebd0f3 (webtiles) character file.

Game seed: 16578763204523070183

59 suvakkihuora the Vexing (level 3, -1/27 HPs)
             Began as a Mummy Arcane Marksman on May 28, 2019.
             Slain by a bullfrog (3 damage)
             ... on level 2 of the Dungeon.
             The game lasted 00:06:24 (1865 turns).

suvakkihuora the Vexing (Mummy Arcane Marksman)     Turns: 1865, Time: 00:06:25

Health: -1/27      AC:  4    Str: 14    XL:     3   Next: 78%
Magic:  14/14      EV: 11    Int: 12    God:
Gold:   68         SH:  0    Dex: 12    Spells: 1/4 levels left

rFire    x . .     SeeInvis .   a - +0 hand crossbow
rCold    + . .     Gourm    .   (no shield)
rNeg     + + +     Faith    .   g - +0 leather armour
rPois    ∞         Spirit   .   (no helmet)
rElec    .         Reflect  .   (no cloak)
rCorr    .         Harm     .   (no gloves)
MR       .....                  e - +0 pair of boots
Stlth    ++........             (no amulet)
HPRegen  0.09/turn              h - ring of stealth
MPRegen  0.14/turn              p - ring of magical power

@: no status effects
A: no food or potions, fire vulnerability, cold resistance 1, negative energy
resistance 3, torment resistance, unbreathing
a: no special abilities


You were on level 2 of the Dungeon.
You were not hungry.

You visited 1 branch of the dungeon, and saw 3 of its levels.

You collected 68 gold pieces.

Inventory:

Hand Weapons
 a - a +0 hand crossbow (weapon)
 b - a +0 spear
 l - a +0 trident
Missiles
 d - 40 bolts (quivered)
 j - 30 poisoned darts
Armour
 e - a +0 pair of boots (worn)
 g - a +0 leather armour (worn)
Jewellery
 h - a ring of stealth (left hand)
 p - a ring of magical power (right hand)
Wands
 k - a wand of flame (7)
Scrolls
 c - 2 scrolls of identify
 f - 2 scrolls of remove curse
 i - a scroll of teleportation
 m - a scroll of fog
 n - a scroll of magic mapping {unknown}
 o - a scroll of noise {unknown}


   Skills:
 - Level 1.7 Fighting
 * Level 0.9 Polearms
 + Level 2.5 Crossbows
 - Level 1.5 Dodging
 - Level 1.3 Spellcasting
 - Level 3.0 Hexes
 * Level 0.3 Evocations


You had one spell level left.
You knew the following spells:

 Your Spells              Type           Power        Failure   Level  Hunger
a - Corona                Hex            #......      11%         1    N/A
b - Slow                  Hex            #.......     16%         2    N/A

Your spell library contained the following spells:

 Spells                   Type           Power        Failure   Level  Hunger
 Inner Flame              Hex/Fire       #.......     52%         3    N/A
 Portal Projectile        Hex/Tloc       #.....       52%         3    N/A
 Cause Fear               Hex            #.........   71%         4    N/A
 Leda's Liquefaction      Hex/Erth       #.........   89%         4    N/A

Dungeon Overview and Level Annotations

Branches:
Dungeon (3/15)

Altars:
Ru
Sif Muna


Innate Abilities, Weirdness & Mutations

You do not eat or drink.
Your flesh is vulnerable to fire.
You are immune to poison.
Your flesh is cold resistant. (rC+)
You are immune to negative energy. (rN+++)
You are immune to unholy pain and torment.
You can survive without breathing.


Message History

The bolt completely misses the bullfrog.
The bullfrog hits you! The bullfrog closely misses you.
Firing (i - inventory. (/) - cycle)
d - 43 bolts (quivered)
Press: ? - help, Shift-Dir - straight line, f/p - bullfrog
Aim: a bullfrog (heavily wounded)
You shoot a bolt. The bolt closely misses the bullfrog.
The bullfrog hits you. x2
Firing (i - inventory. (/) - cycle)
d - 42 bolts (quivered)
Press: ? - help, Shift-Dir - straight line, f/p - bullfrog
Aim: a bullfrog (heavily wounded)
You shoot a bolt. The bolt hits the bullfrog!
The bullfrog is almost dead.
The bullfrog hits you!
* * * LOW HITPOINT WARNING * * *
The bullfrog hits you.
* * * LOW HITPOINT WARNING * * *
Firing (i - inventory. (/) - cycle)
d - 41 bolts (quivered)
Press: ? - help, Shift-Dir - straight line, f/p - bullfrog
Aim: a bullfrog (almost dead)
You shoot a bolt. The bolt closely misses the bullfrog.
The bullfrog hits you.
You die...

..# #.## #..# ##.## ##..#
############# ###.#
###...........# # #.#
###.#.#####...#.###### # #.#
#....F......#.[....... #
#.########.#.#@#####...#.#####. #
#..#.......#.#.# ##..#.#####. #
##..#######..#[# #........... #
##.#..≈≈≈..#.#.#####.#.#.#.###.
###.#..≈...≈..#........#.#.#.# #.
##.#...≈._.≈...#.#.#.###.#.#.###.
###.#..≈...≈..#...###............
####.#..≈≈≈..#.#.#.# ######..####
......#######..#.##.# #.## #


You could see a bullfrog.

Vanquished Creatures
  A gnoll (D:1)
  An ooze (D:1)
  2 worms (D:2)
  A ball python (D:2)
  2 bats (D:1)
  2 giant cockroaches
  7 goblins
  5 hobgoblins
  2 frilled lizards (D:1)
  7 kobolds
  11 rats
41 creatures vanquished.

Notes
Turn   | Place    | Note
-------+----------+-------------------------------------------
     0 | D:1      | suvakkihuora the Mummy Arcane Marksman began the quest for
                  | the Orb.
     0 | D:1      | Reached XP level 1. HP: 15/15 MP: 2/2
   174 | D:1      | Reached XP level 2. HP: 15/21 MP: 4/4
   178 | D:1      | Learned a level 2 spell: Slow
   370 | D:1      | Reached skill level 3 in Hexes
   464 | D:1      | Reached XP level 3. HP: 26/26 MP: 5/5
  1156 | D:2      | Noticed an ice beast
  1313 | D:2      | Found a sacrificial altar of Ru.
  1540 | D:2      | Found a deep blue altar of Sif Muna.
  1856 | D:3      | Noticed a bullfrog
  1865 | D:2      | Slain by a bullfrog

Levels and vault maps discovered:
D:1:      ncdulo_halloftheorcs, layout_basic, minivault_26,
          kennysheep_another_room, minmay_pentomino_z4
D:2:      layout_loops_ring, lemuel_blue_sif_altar, nicolae_ru_awakened_eye,
          first_ration
D:3:      layout_loops_ring, led_xom_imps

Skill      XL: |  1  2 |
---------------+-------+-----
Crossbows      | 2 |  2.5
Hexes          | 3 |  3.0
Fighting       | |  1.7
Polearms       | |  0.9
Dodging        | |  1.5
Spellcasting   | |  1.3
Evocations     | |  0.3

Action                   || total
-------------------------++-------
Melee: Dagger            ||    10
       Spear             ||    79
 Fire: Hand crossbow     ||    84
Throw: Dart              ||     3
  Use: Scroll            ||     3
 Stab: Sleeping          ||     4
Armor: Robe              ||    16
       Leather armour    ||    14
Dodge: Dodged            ||    64

Table legend:
 A = Non-vault XP
 B = Vault XP
 C = Vault XP percentage of total XP
 D = Non-vault monster count
 E = Vault monster count
 F = Vault count percentage of total count
                 A         B        C        D         E       F
            +---------+---------+-------+---------+---------+-------
      Total |      81 |       4 |   4.7 |      38 |       3 |   7.3
            +---------+---------+-------+---------+---------+-------
        D:1 |      57 |       4 |   6.6 |      27 |       3 |  10.0
        D:2 |      24 |       0 |   0.0 |      11 |       0 |   0.0
            +---------+---------+-------+---------+---------+-------
